 Dungeon Crawl Stone Soup version 0.32-a0-616-g9348d4545b (webtiles) character file.

Game seed: 12453616006245820310

1738 Strat the Thaumaturge (level 9, -9/96 HPs)
             Began as an Oni Hedge Wizard on Mar 5, 2024.
             Was a Priest of Beogh.
             Mangled by Ogrik the orc apostle
             ... wielding a +3 dire flail of venom
              (13 damage)
             ... on level 6 of the Dungeon.
             The game lasted 00:17:15 (7687 turns).

Strat the Thaumaturge (Oni Hedge Wizard)            Turns: 7687, Time: 00:17:15

Health: -9/96      AC: 14    Str: 18    XL:     9   Next: 5%
Magic:  19/23      EV:  9    Int: 17    God:    Beogh [***...]
Gold:   1251       SH:  0    Dex:  8    Spells: 17/28 levels left

rFire   . . .        a - +0 flail (protect)
rCold   . . .        (no shield)
rNeg    . . .        d - +0 robe
rPois   .            v - +2 hat {SInv}
rElec   .            k - +1 cloak
rCorr   +            (gloves unavailable)
SInv    +            (boots unavailable)
Will    .....        (no amulet)
Stlth   +            m - ring of resist corrosion
HPRegen 0.36/turn    (no ring)
MPRegen 0.18/turn

%: no passive effects
@: lethally poisoned (-9 -> -37), under a protective aura, on blink cooldown
A: large, unfitting armour, horns 1, tough skin 1, double potion healing,
drunken brawling
a: Renounce Religion, Smiting


You were on level 6 of the Dungeon.
You worshipped Beogh.
Beogh was most pleased with you.
You visited 1 branch of the dungeon, and saw 6 of its levels.

You collected 1275 gold pieces.
You spent 24 gold pieces at shops.

Inventory:

Hand Weapons
 a - a +0 flail of protection (weapon)
 s - a +0 morningstar
Missiles
 p - 13 poisoned darts
 x - 5 javelins
Armour
 d - a +0 robe (worn)
 k - a +1 cloak (worn)
 v - a +2 hat of see invisible (worn)
Jewellery
 m - a ring of resist corrosion (left hand)
Wands
 c - a wand of roots (2)
 j - a wand of flame (25)
Scrolls
 g - 2 scrolls of amnesia
 l - a scroll of identify
 t - 2 scrolls of enchant armour
 u - a scroll of silence
 w - a scroll of poison {unknown}
Potions
 b - a potion of heal wounds {unknown}
 i - a potion of enlightenment {unknown}
 n - a potion of brilliance {unknown}
 o - a potion of lignification {unknown}
 r - a potion of berserk rage {unknown}


   Skills:
 - Level 8.0 Fighting
 + Level 3.1 Maces & Flails
 - Level 1.7 Dodging
 - Level 1.4 Stealth
 * Level 10.3 Spellcasting
 - Level 0.8 Conjurations
 - Level 0.8 Summonings
 - Level 0.8 Translocations


You had 17 spell levels left.
You knew the following spells:

 Your Spells              Type           Power      Damage    Failure   Level
a - Magic Dart            Conj           44%        1d5       6%          1
b - Blink                 Tloc           22%        N/A       9%          2
c - Call Imp              Summ           22%        N/A       9%          2
d - Mephitic Cloud        Conj/Alch/Air  9%         N/A       22%         3
e - Apportation           Tloc           22%        N/A       6%          1
f - Lesser Beckoning      Tloc           22%        N/A       9%          2

Your spell library contained the following spells:

 Spells                   Type           Power      Damage    Failure   Level
 Summon Small Mammal      Summ           44%        N/A       6%          1
 Sting                    Conj/Alch      40%        1d5       7%          1
 Necrotise                Necr           32%        1d5       9%          1
 Slow                     Hex            32%        N/A       9%          1
 Cigotuvi's Dreadful Rot  Necr/Alch/Air  16%        N/A       12%         2
 Gell's Gravitas          Tloc           11%        N/A       17%         3
 Teleport Other           Tloc           11%        N/A       17%         3
 Animate Dead             Necr           8%         N/A       63%         4
 Haunt                    Necr/Summ      5%         N/A       100%        7
 Infestation              Necr           4%         N/A       100%        8


Dungeon Overview and Level Annotations

Branches:
Dungeon (6/15)             Temple (0/1) D:6

Altars:
Fedhas
Uskayaw

Shops:
D:1 ?

Annotations:
D:5 exclusion: oklob plant


Innate Abilities, Weirdness & Mutations

Your facial features are unmistakably orcish.
You are too large for most types of armour.
You have a pair of small horns on your head.
You have tough skin. (AC +1)
You gain doubled healing and magic from potions.
Whenever you drink a healing potion, you attack all around you.


Message History

You start resting.
Magic restored.
Ogrik is nearby!
Casting: Mephitic Cloud (dangerous; 22% risk of failure)
Confirm with . or Enter, or press ? or * to list all spells.
Aiming: Mephitic Cloud (dangerous; 22% risk of failure)
Press: ? - help, Shift-Dir - straight line, f - Ogrik
Aim: Ogrik the orc apostle, wielding a +3 dire flail of venom and wearing a +3 plate armour (empowered by the touch of Beogh, chance to affect: 67%)
The ball explodes into a vile cloud!
The stinking cloud engulfs Ogrik.
Ogrik is engulfed in noxious fumes.
Unknown command.
Casting: Mephitic Cloud (dangerous; 22% risk of failure)
Confirm with . or Enter, or press ? or * to list all spells.
You blink.
You are engulfed in noxious fumes.
Ogrik hits you with a +3 dire flail of venom!
* * * LOW HITPOINT WARNING * * *
You are poisoned.
Unknown command.
You feel sick.
Ogrik hits you with a +3 dire flail of venom!!
* * * LOW HITPOINT WARNING * * *
You are more poisoned.
Unknown command.
You hit Ogrik but do no damage.
Your weapon exudes an aura of protection.
You headbutt Ogrik, but do no damage.
* * * LOW HITPOINT WARNING * * *
You feel extremely sick.
Ogrik hits you with a +3 dire flail of venom!
* * * LOW HITPOINT WARNING * * *
You are more poisoned.
Unknown command.
Unknown command.
Unknown command.
You closely miss Ogrik.
* * * LOW HITPOINT WARNING * * *
You feel extremely sick.
Ogrik hits you with a +3 dire flail of venom!
You die...
Beogh appreciates Ogrik's killing of a heretic priest.

..#####..#..#.#
##...## ..#
#..... # ##.##
.## ..# # #######
#.# .#
......#######.#
.#
.#.####.........#
.........########
######.## #####.#
#@°...# ##o####
#.# #.# ..# +.##
##


You could see Ogrik the orc apostle (divinely empowered).

Vanquished Creatures
  Grinder (D:4)
  A steam dragon (D:6)
  A phantom (D:6)
  Blork the orc (D:5)
  2 scorpions
  2 bombardier beetles
  An orc priest (D:3)
  6 hounds
  Crazy Yiuf (D:5)
  3 orc wizards
  Natasha (D:3)
  4 iguanas
  11 adders
  A shadow imp (D:6)
  2 white imps
  2 dart slugs
  20 orcs
  9 bats
  3 endoplasms
  4 giant cockroaches
  7 goblins
  7 hobgoblins
  7 kobolds
  4 quokkas
  5 ball pythons
  A frilled lizard (D:1)
  3 rats (D:2)
110 creatures vanquished.

Vanquished Creatures (collateral kills)
  Sigmund (D:3)
  An ice beast (D:6)
  An ogre (D:4)
  A hound (D:6)
  An orc priest (D:3)
  An orc wizard (D:5)
  An adder (D:4)
  4 orcs
  A hobgoblin (D:3)
12 creatures vanquished.

Vanquished Creatures (others)
  2 orcs (D:5)
2 creatures vanquished.

Grand Total: 124 creatures vanquished

Notes
Turn   | Place    | Note
-------+----------+-------------------------------------------
     0 | D:1      | Strat the Oni Hedge Wizard began the quest for the Orb.
     0 | D:1      | Reached XP level 1. HP: 16/16 MP: 5/5
   183 | D:1      | Reached skill level 1 in Fighting
   246 | D:1      | Reached skill level 4 in Spellcasting
   246 | D:1      | Reached XP level 2. HP: 27/27 MP: 2/7
   306 | D:1      | Learned a level 2 spell: Blink
   309 | D:1      | Learned a level 2 spell: Call Imp
   610 | D:1      | Found Fiufus's Magic Scroll Boutique.
   613 | D:1      | Bought a scroll of identify for 24 gold pieces
   635 | D:1      | Found a faded altar of an unknown god.
  1416 | D:2      | Reached XP level 3. HP: 35/35 MP: 8/8
  2320 | D:3      | Became a worshipper of Beogh the Shepherd
  2588 | D:3      | Reached XP level 4. HP: 44/44 MP: 3/10
  2606 | D:3      | Reached skill level 5 in Spellcasting
  2709 | D:3      | Noticed Sigmund
  2716 | D:3      | Noticed Natasha
  3028 | D:3      | Reached XP level 5. HP: 38/53 MP: 13/13
  3105 | D:3      | Identified the +1 rapier of Fate {flame, rCorr Dex+3}
  3180 | D:3      | Reached * piety under Beogh
  3303 | D:3      | Killed Natasha
  3324 | D:3      | Reached skill level 6 in Spellcasting
  3611 | D:3      | Killed Sigmund
  3612 | D:3      | Reached XP level 6. HP: 52/65 MP: 9/15
  3614 | D:3      | Reached skill level 7 in Spellcasting
  3760 | D:3      | Learned a level 3 spell: Mephitic Cloud
  3762 | D:3      | Learned a level 1 spell: Apportation
  3765 | D:3      | Learned a level 2 spell: Lesser Beckoning
  4096 | D:4      | Noticed Grinder
  4106 | D:4      | Killed Grinder
  4107 | D:4      | Reached skill level 5 in Fighting
  4107 | D:4      | Reached XP level 7. HP: 26/72 MP: 16/18
  4613 | D:4      | Reached skill level 8 in Spellcasting
  4867 | D:4      | Reached ** piety under Beogh
  5145 | D:5      | Entered Level 5 of the Dungeon
  5538 | D:5      | Identified a scroll of acquirement
  5538 | D:5      | Acquired 980 gold pieces
  5595 | D:5      | Reached XP level 8. HP: 84/84 MP: 15/20
  5709 | D:5      | Noticed Blork the orc
  5718 | D:5      | Killed Blork the orc
  5754 | D:5      | Found a runed translucent door.
  5755 | D:5      | Noticed Crazy Yiuf
  5771 | D:5      | Killed Crazy Yiuf
  5772 | D:5      | Reached skill level 9 in Spellcasting
  5870 | D:5      | Found a blossoming altar of Fedhas.
  5885 | D:5      | Noticed an oklob plant
  6281 | D:5      | Reached skill level 1 in Maces & Flails
  6356 | D:5      | Found a hide-covered altar of Uskayaw.
  7004 | D:6      | Reached skill level 10 in Spellcasting
  7194 | D:6      | Found a staircase to the Ecumenical Temple.
  7441 | D:6      | Reached *** piety under Beogh
  7442 | D:6      | Reached XP level 9. HP: 68/96 MP: 20/23
  7464 | D:6      | Noticed Ogrik
  7687 | D:6      | HP: 4/96 [poisoned by Ogrik]
  7687 | D:6      | Mangled by Ogrik the orc apostle

Illustrated notes

Levels and vault maps discovered:
D:1:      zelgadis_glass_arrival_small, layout_basic, serial_shops,
          nicolae_shop_tiny_real_fake_doors, ebering_ecumenical_altar_abandoned
D:2:      layout_basic
D:3:      layout_loops_corners, corexii_shack, uniq_natasha, uniq_sigmund
D:4:      layout_basic, uniq_grinder
D:5:      layout_rooms, kennysheep_mini_moat, tgw_fedhas, corexii_shack,
          minivault_5, uniq_crazy_yiuf_cottage, uniq_blork_the_orc
D:6:      layout_loops_cross, minmay_temple_entry_arrows, kennysheep_path_1

Skill      XL: |  1  2  3  4  5  6  7  8 |
---------------+-------------------------+-----
Fighting       | 1 2 3 4 5 6 8 |  8.0
Spellcasting   | 4 5 6 7 8 10 | 10.3
Maces & Flails | 3 |  3.1
Dodging        | |  1.7
Stealth        | |  1.4
Conjurations   | |  0.8
Summonings     | |  0.8
Translocations | |  0.8

Action                     |  1- 3 |  4- 6 |  7- 9 || total
---------------------------+-------+-------+-------++-------
  Melee: Dagger            |    20 |       |       ||    20
         Whip              |    59 |       |       ||    59
         Headbutt          |    10 |     9 |    35 ||    54
         War axe           |       |    75 |    43 ||   118
         Mace              |       |     9 |       ||     9
         Flail             |       |       |   130 ||   130
   Fire: Sling             |       |       |     3 ||     3
   Cast: Magic Dart        |    55 |    12 |    21 ||    88
         Call Imp          |     4 |     6 |    19 ||    29
         Mephitic Cloud    |       |       |    19 ||    19
         Blink             |       |       |     5 ||     5
 Invoke: Convert to Beogh  |     1 |       |       ||     1
  Evoke: Wand              |       |       |     5 ||     5
    Use: Scroll            |     2 |     1 |    13 ||    16
         Potion            |       |       |     4 ||     4
   Stab: Sleeping          |     1 |       |       ||     1
         Confused          |       |       |     2 ||     2
 Armour: Robe              |    64 |    76 |   134 ||   274
  Dodge: Dodged            |    42 |    45 |    95 ||   182

Table legend: (Time is in decaauts)
 A = Elapsed time spent in this place.
 B = Non-inter-level travel time spent in this place.
 C = Inter-level travel time spent in this place.
 D = Time resting spent in this place.
 E = Time spent auto-exploring this place.
 F = Levels seen in this place.
 G = Mean time per level.
                   A        B        C        D        E       F      G
               +--------+--------+--------+--------+--------+-----+--------+
         Total |   7776 |   7538 |    238 |   1481 |   4300 |   6 | 1296.0 |
       Dungeon |   7776 |   7538 |    238 |   1481 |   4300 |   6 | 1296.0 |
               +--------+--------+--------+--------+--------+-----+--------+

Top non-repeatable levels by time:
     D:5: 1593 daAuts
     D:3: 1549 daAuts
     D:2: 1362 daAuts
     D:1: 1177 daAuts
     D:4: 1129 daAuts
     D:6: 964 daAuts
